 Dungeon Crawl Stone Soup version 0.19-a0-1490-g5dd3618 (webtiles) character file.

385 Charly the Magician (level 6, 0/32 HPs)
             Began as a Deep Elf Fire Elementalist on Sept 8, 2016.
             Killed from afar by an orc wizard (9 damage)
             ... with a puff of frost
             ... on level 4 of the Dungeon.
             The game lasted 00:16:45 (852 turns).

Charly the Magician (Deep Elf Fire Elementalist)     Turns: 852, Time: 00:16:47

Health: 0/32       AC:  2    Str: 10    XL:     6   Next: 48%
Magic:  0/17       EV: 13    Int: 22    God:
Gold:   34         SH:  0    Dex: 15    Spells: 4 memorised, 5 levels left

rFire  . . .     SeeInvis .     (no weapon)
rCold  . . .     Gourm    .     a - +0 robe
rNeg   . . .     Faith    .     (no shield)
rPois  .         Spirit   .     (no helmet)
rElec  .         Dismiss  .     (no cloak)
rCorr  .         Reflect  .     (no gloves)
MR     .....     Harm     .     (no boots)
Stlth  ++........               (no amulet)
                                (no ring)
                                (no ring)

@: mighty
A: no striking features
a: no special abilities


You were on level 4 of the Dungeon.
You were full.

You visited 1 branch of the dungeon, and saw 4 of its levels.

You collected 34 gold pieces.

Inventory:

Armour
 a - a +0 robe (worn)
Scrolls
 e - 5 scrolls of remove curse
 f - a scroll of enchant weapon
Books
 b - a book of Flames

   Spells                             Type                      Level
   a - Flame Tongue                   Conjuration/Fire             1
   b - Throw Flame                    Conjuration/Fire             2
   c - Conjure Flame                  Conjuration/Fire             3
   d - Inner Flame                    Hexes/Fire                   3
   e - Sticky Flame                   Conjuration/Fire             4
   f - Fireball                       Conjuration/Fire             5
Comestibles
 c - a bread ration
 d - 2 meat rations


   Skills:
 - Level 2.4 Dodging
 - Level 2.4 Stealth
 * Level 6.6 Spellcasting
 * Level 5.4 Conjurations
 - Level 3.2 Fire Magic


You had 5 spell levels left.
You knew the following spells:

 Your Spells              Type           Power        Failure   Level  Hunger
c - Conjure Flame         Conj/Fire      ####....     4%          3    #......
f - Flame Tongue          Conj/Fire      ####.        1%          1    None
s - Sticky Flame          Conj/Fire      ####....     14%         4    ###....
B - Fireball              Conj/Fire      ####......   38%         5    #####..


Dungeon Overview and Level Annotations

Branches:
Dungeon (4/15)
 Temple: D:4-7

Altars:
Yredelemnul

Annotations:
D:3 exclusion: downstairs
D:4 Blork the orc; Rationalist's ghost, amateur MiGl


Message History

Aim: an orc priest, wielding a flail (almost dead)
The flame tongue hits the orc priest.
You kill the orc priest!
The orc wizard closely misses you.
You closely miss the orc wizard.
The orc wizard is severely wounded.
The orc wizard casts a spell at you. The puff of flame misses you.
The orc barely misses you.
Unknown command.
You barely miss the orc wizard.
The orc wizard is severely wounded.
The orc wizard hits you with a dagger.
* * * LOW HITPOINT WARNING * * *
Unknown command.
You barely miss the orc wizard.
The orc wizard is severely wounded.
The orc misses you.
The orc wizard gestures at you while chanting.
The puff of frost hits you!
You die...

########
#......#
#o####)#
.ooo.o....##o#
##.####.#.##@#
#...?o.#
###.#### #. #.
#. #


You could see an orc wizard and an orc.

Vanquished Creatures
  2 ogres
  A hound (D:3)
  2 orc priests (D:4)
  An orc wizard (D:4)
  Natasha (D:4)
  A worker ant (D:4)
  An adder (D:2)
  An ooze (D:3)
  A worm (D:2)
  A dart slug (D:3)
  An orc (D:3)
  A ball python (D:2)
  4 bats (D:3)
  2 giant cockroaches
  A goblin (D:3)
  4 hobgoblins
  8 jackals
  A quokka (D:3)
  2 kobolds (D:2)
  A rat (D:3)
37 creatures vanquished.

Notes
Turn   | Place    | Note
-------+----------+-------------------------------------------
     0 | D:1      | Charly the Deep Elf Fire Elementalist began the quest for the Orb.
     0 | D:1      | Reached XP level 1. HP: 10/10 MP: 6/6
    80 | D:2      | Reached XP level 2. HP: 5/15 MP: 1/8
   125 | D:3      | Noticed an ogre
   293 | D:3      | Found a basalt altar of Yredelemnul.
   302 | D:3      | Reached XP level 3. HP: 14/19 MP: 7/10
   307 | D:3      | Learned a level 3 spell: Conjure Flame
   502 | D:3      | Killed an ogre
   502 | D:3      | Reached skill level 4 in Spellcasting
   502 | D:3      | Reached XP level 4. HP: 18/24 MP: 0/12
   538 | D:3      | Learned a level 4 spell: Sticky Flame
   565 | D:4      | Noticed Blork the orc
   568 | D:3      | Reached skill level 5 in Spellcasting
   568 | D:3      | Reached XP level 5. HP: 19/28 MP: 3/14
   653 | D:4      | Noticed an ogre
   659 | D:4      | Killed an ogre
   689 | D:4      | Reached skill level 6 in Spellcasting
   689 | D:4      | Reached XP level 6. HP: 32/32 MP: 1/17
   696 | D:4      | Learned a level 5 spell: Fireball
   709 | D:4      | Noticed Natasha
   728 | D:3      | Reached skill level 5 in Conjurations
   767 | D:4      | Killed Natasha
   800 | D:4      | Noticed Rationalist's ghost (amateur MiGl)
   852 | D:4      | Killed from afar by an orc wizard

Vault maps used:
D:1:      dpeg_arrival_short_road
D:2:      wad_crossroads, marbit_many_paths
D:3:      lemuel_crystal_altar, serial_corexii_hall, corexii_hall_statues_s,
          corexii_hall_statues_s, corexii_hall_statues_deadend,
          minmay_misc_feat_encased
D:4:      first_bread, serial_bayou_pond_c, minivault_5, uniq_blork_the_orc,
          uniq_natasha

Skill      XL: |  1  2  3  4  5  6 |
---------------+-------------------+-----
Conjurations   | 2 4 5 |  5.4
Spellcasting   | 4 5 6 |  6.6
Dodging        | |  2.4
Stealth        | |  2.4
Fire Magic     | |  3.2

Action                   |  1- 3 |  4- 6 || total
-------------------------+-------+-------++-------
Melee: Unarmed           |     1 |    14 ||    15
 Cast: Flame Tongue      |    51 |    41 ||    92
       Conjure Flame     |     1 |     3 ||     4
       Sticky Flame      |       |     1 ||     1
  Use: Potion            |     1 |     2 ||     3
       Scroll            |       |     2 ||     2
  Eat: Fruit             |       |     5 ||     5
       Pizza             |       |     1 ||     1
Armor: Robe              |     2 |     6 ||     8
Dodge: Dodged            |    20 |    28 ||    48
